 Dungeon Crawl Stone Soup version 0.31-a0-237-g2d982f9f85 (webtiles) character file.

Game seed: 1030447279094975500

91 qw the Shooter (level 4, -7/26 HPs)
             Began as a Gargoyle Hexslinger on July 11, 2023.
             Was an Initiate of Okawaru.
             Mangled by a gnoll
             ... wielding a +0 flail
              (10 damage)
             ... on level 4 of the Dungeon.
             The game lasted 00:00:33 (1130 turns).

qw the Shooter (Gargoyle Hexslinger)                Turns: 1130, Time: 00:00:33

Health: -7/26      AC:  8    Str: 11    XL:     4   Next: 57%
Magic:  5/5        EV: 10    Int: 14    God:    Okawaru [......]
Gold:   73         SH:  0    Dex: 14    Spells: 4/5 levels left

rFire   . . .        Y - +1 sling
rCold   . . .        (no shield)
rNeg    + . .        h - +0 ring mail
rPois   inf          (no helmet)
rElec   +            (no cloak)
rCorr   .            (no gloves)
SInv    .            (no boots)
Will    .....        (no amulet)
Stlth   +            (no ring)
HPRegen 0.24/turn    (no ring)
MPRegen 0.09/turn

%: no passive effects
@: attractive
A: sickness immunity, AC +3, negative energy resistance 1, electricity
resistance, torment resistance 1, petrification resistance
a: Renounce Religion


You were on level 4 of the Dungeon.
You worshipped Okawaru.
Okawaru was noncommittal.
You visited 2 branches of the dungeon, and saw 4 of its levels.

You collected 73 gold pieces.


Innate Abilities, Weirdness & Mutations

You are immune to sickness and miasma.
Your stone body is resilient. (AC +3)
You are immune to poison.
You resist negative energy. (rN+)
You are resistant to electric shocks. (rElec)
You are resistant to unholy torment.
You are immune to petrification.


   Skills:
 - Level 2.0 Fighting
 + Level 4.0 Ranged Weapons
 - Level 1.3 Armour
 - Level 1.5 Dodging
 - Level 1.0 Spellcasting
 - Level 2.6 Hexes


You had 4 spell levels left.
You knew the following spells:

 Your Spells              Type           Power      Damage    Failure   Level
a - Slow                  Hex            32%        N/A       21%         1

Your spell library contained the following spells:

 Spells                   Type           Power      Damage    Failure   Level
 Inner Flame              Hex/Fire       4%         N/A       71%         3
 Portal Projectile        Hex/Tloc       8%         N/A       71%         3
 Cause Fear               Hex            4%         N/A       90%         4

Inventory:

Hand Weapons
 Y - a +1 sling (weapon)
Armour
 h - a +0 ring mail (worn)
Scrolls
 a - a scroll of identify
Potions
 d - a potion of invisibility {unknown}
 e - a potion of haste {unknown}
 j - a potion of berserk rage {unknown}

Dungeon Overview and Level Annotations

Branches:
Dungeon (4/15)             Temple (1/1) D:4

Altars:
Ashenzari
Cheibriados
Elyvilon
Gozag
Hepliaklqana
Kikubaaqudgha
Makhleb
Nemelex Xobeh
Okawaru
Qazlal
Sif Muna
Trog
Uskayaw
Vehumet
Wu Jian
Xom
Yredelemnul
Zin
The Shining One


Message History

1119 ||| DRINKING 2 ruby potions.
It was a potion of attraction.
You feel attractive to monsters.
1120 ||| DROPPING potion of attraction.
You drop a potion of attraction.
(D) Dungeon (T) Temple
Where to? (* - list waypoints, Enter - D:4, ? - help)
What level of the Dungeon? (default 1, ? - help)
A gnoll comes into view. It is wielding a +0 whip.
The gnoll is attracted toward you.
Enter note:
Enter note: You shoot a sling bullet.
The sling bullet hits the gnoll.
The gnoll is lightly wounded.
You shoot a sling bullet. The sling bullet hits the gnoll.
The gnoll is heavily wounded.
The gnoll hits you with a +0 whip. x2
A gnoll comes into view. It is wielding a +0 spear.
The gnoll is attracted toward you.
You shoot a sling bullet. The gnoll shouts!
The sling bullet hits the gnoll.
The gnoll is severely wounded.
The gnoll hits you from afar with a +0 spear.
The gnoll hits you but does no damage.
You shoot a sling bullet. The sling bullet hits the gnoll.
You kill the gnoll!
Okawaru accepts your kill. The gnoll hits you but does no damage.
A gnoll comes into view. It is wielding a +0 flail.
The gnoll is attracted toward you. x2
Your Armour skill increases to level 1!
You shoot a sling bullet. The gnoll shouts!
The sling bullet hits the gnoll.
The gnoll is moderately wounded.
The gnoll hits you with a +0 spear. x2; The gnoll hits you with a +0 flail.
You shoot a sling bullet.
The sling bullet hits the gnoll but does no damage.
The gnoll is moderately wounded.
The gnoll hits you with a +0 spear. The gnoll hits you with a +0 flail!
You die...

##### # ################
....# ..#..........#...#
....# ..¤..........#...#
....# #..¤g......#...#
....# #...g@.....#...#
....# #######...##.###
##.##
#######...##..!##.##
#.####....##....#.......#
#....#.....#....#.......#
#....#.....#....#.......#
#....'.%...#....#.......#
######....##...##..##..##
# #...
#....##..%##..######.#


You could see 2 gnolls.

Vanquished Creatures
  An orc wizard (D:4)
  A gnoll (D:4)
  2 adders (D:4)
  A dart slug (D:1)
  3 orcs (D:4)
  An endoplasm (D:1)
  2 giant cockroaches
  5 hobgoblins
  4 quokkas (D:1)
  A ball python (D:1)
  3 frilled lizards (D:1)
  3 goblins
  5 kobolds
  4 rats (D:1)
36 creatures vanquished.

Notes
Turn   | Place    | Note
-------+----------+-------------------------------------------
     0 | D:1      | qw the Gargoyle Hexslinger began the quest for the Orb.
     0 | D:1      | Reached XP level 1. HP: 12/12 MP: 2/2
     0 | D:1      | 0 ||| qw: Version: 0.3-a-52-g30416fa
     0 | D:1      | 0 ||| qw: Game counter: 5660
     0 | D:1      | 0 ||| qw: Melee chars always use a shield: true
     0 | D:1      | 0 ||| qw: God list: Okawaru
     0 | D:1      | 0 ||| qw: Allow faded altars: false
     0 | D:1      | 0 ||| qw: Do Orc after clearing Dungeon:15 true
     0 | D:1      | 0 ||| qw: Do second Lair branch before Depths: true
     0 | D:1      | 0 ||| qw: Lair rune preference: random
     0 | D:1      | 0 ||| qw: Goals: Normal
     0 | D:1      | 0 ||| PLANNING D:1-11
   193 | D:1      | Reached XP level 2. HP: 16/16 MP: 3/3
   359 | D:1      | Reached skill level 3 in Ranged Weapons
   416 | D:1      | 416 ||| FLEEEEING.
   417 | D:1      | 417 ||| FLEEEEING.
   418 | D:1      | 418 ||| FLEEEEING.
   419 | D:1      | 419 ||| FLEEEEING.
   420 | D:1      | 420 ||| FLEEEEING.
   584 | D:1      | Reached XP level 3. HP: 21/21 MP: 4/4
   723 | D:1      | 723 ||| UPGRADING to +0 ring mail.
   733 | D:1      | 733 ||| DROPPING +0 robe.
   734 | D:1      | 734 ||| READING 2 scrolls labelled QUC BYOBUETS.
   735 | D:1      | 735 ||| READING scroll labelled ONAMMY GUGEBAG.
   736 | D:1      | 736 ||| DROPPING scroll of poison.
   761 | D:2      | You fall into a shaft and drop 2 floors!
   780 | D:4      | Found a staircase to the Ecumenical Temple.
   781 | D:4      | 781 ||| PLANNING TEMPLE
   793 | Temple   | Entered the Ecumenical Temple
   794 | Temple   | 794 ||| PLANNING OKAWARU WORSHIP
   972 | Temple   | Became a worshipper of Warmaster Okawaru
   973 | Temple   | 973 ||| PLANNING D:1-11
  1039 | D:4      | Reached XP level 4. HP: 22/26 MP: 5/5
  1076 | D:4      | Reached skill level 4 in Ranged Weapons
  1119 | D:4      | 1119 ||| DRINKING 2 ruby potions.
  1120 | D:4      | 1120 ||| DROPPING potion of attraction.
  1129 | D:4      | Reached skill level 1 in Armour
  1130 | D:4      | HP: 3/26 [gnoll/+0 spear (5)]
  1130 | D:4      | Mangled by a gnoll

Levels and vault maps discovered:
D:1:      ncdulo_wetmaze, layout_loops_ring
D:2:      layout_loops_corners, chequers_serial_rivers_micro_d,
          chequers_serial_rivers_small_3
D:4:      layout_gridville, minmay_temple_entry_hall,
          chequers_serial_rivers_micro_b, corexii_item_surrounded_by_moat,
          minmay_fractal_squares_diagonal_5, uniq_crazy_yiuf_cottage
Temple:   nicolae_temple_bog_church

Skill      XL: |  1  2  3  4 |
---------------+-------------+-----
Ranged Weapons | 3 4 |  4.0
Fighting       | 2 |  2.0
Armour         | 1 |  1.3
Dodging        | |  1.5
Spellcasting   | |  1.0
Hexes          | |  2.6

Action                     |  1- 3 |  4- 6 || total
---------------------------+-------+-------++-------
   Fire: Sling             |   113 |    24 ||   137
    Use: Scroll            |     2 |       ||     2
         Potion            |       |     1 ||     1
 Armour: Robe              |    11 |       ||    11
         Ring mail         |    14 |     8 ||    22
  Dodge: Dodged            |    17 |    11 ||    28

Table legend:
 A = Non-vault XP
 B = Vault XP
 C = Vault XP percentage of total XP
 D = Non-vault monster count
 E = Vault monster count
 F = Vault count percentage of total count
                 A         B        C        D         E       F
            +---------+---------+-------+---------+---------+-------
      Total |     130 |       0 |   0.0 |      36 |       0 |   0.0
            +---------+---------+-------+---------+---------+-------
        D:1 |      39 |       0 |   0.0 |      24 |       0 |   0.0
        D:4 |      91 |       0 |   0.0 |      12 |       0 |   0.0
            +---------+---------+-------+---------+---------+-------
